 Dungeon Crawl Stone Soup version 0.22-a0-558-gc224181 (webtiles) character file.

469 MothsLongingForFire the Covert (level 6, -4/28 HPs)
             Began as a Spriggan Enchanter on June 28, 2018.
             Shot with an arrow by a centaur (7 damage)
             ... on level 5 of the Dungeon.
             The game lasted 00:16:52 (5532 turns).

MothsLongingForFire the Covert (Spriggan Enchanter) Turns: 5532, Time: 00:16:53

Health: -4/28      AC:  2    Str:  4    XL:     6   Next: 82%
Magic:  11/11      EV: 18    Int: 16    God:
Gold:   138        SH:  0    Dex: 17    Spells: 7/10 levels left

rFire    . . .     SeeInvis +   a - +1 dagger
rCold    . . .     Gourm    .   (shield restricted)
rNeg     . . .     Faith    .   b - +0 robe
rPois    .         Spirit   .   (helmet restricted)
rElec    .         Reflect  .   (no cloak)
rCorr    .         Harm     .   (gloves unavailable)
MR       ++...                  (boots unavailable)
Stlth    ++++......             (no amulet)
HPRegen  0.09/turn              (no ring)
MPRegen  0.12/turn              M - ring of protection from magic

@: very quick
A: very small, unfitting armour, hooves 1, see invisible, clumsy 1, herbivore,
speed 3, slow metabolism 2
a: no special abilities


You were on level 5 of the Dungeon.
You were very hungry.

You visited 1 branch of the dungeon, and saw 5 of its levels.

You collected 138 gold pieces.


Innate Abilities, Weirdness & Mutations

You are very small and have problems with some larger weapons.
You are too small for most types of armour.
You have supernaturally acute eyesight. (SInv)
You are a herbivore.
You cover ground extremely quickly.
You need to consume almost no food.
You have large cloven feet.
You are clumsy. (Dex -2)


   Skills:
 - Level 1.1 Short Blades
 - Level 3.0 Dodging
 + Level 9.1 Stealth
 - Level 2.6 Spellcasting
 + Level 7.1 Hexes


You had 7 spell levels left.
You knew the following spells:

 Your Spells              Type           Power        Failure   Level  Hunger
x - Ensorcelled Hibernat  Hex/Ice        ##....       7%          2    ##.....
z - Corona                Hex            ###....      1%          1    #......

Your spell library contained the following spells:

 Spells                   Type           Power        Failure   Level  Hunger
 Confuse                  Hex            ###.....     3%          3    ###....
 Tukima's Dance           Hex            ###.....     3%          3    ###....
 Dazzling Spray           Conj/Hex       ##....       14%         3    ###....

Inventory:

Hand Weapons
 a - a +1 dagger (weapon)
Missiles
 f - 2 throwing nets {=f}
 g - 17 poisoned needles
Armour
 b - a +0 robe (worn)
Jewellery
 G - an uncursed amulet of guardian spirit
 M - a ring of protection from magic (right hand)
Wands
 t - a wand of disintegration (7)
Scrolls
 c - 6 scrolls of identify {@r1}
 h - 3 scrolls of remove curse {@r2}
 i - a scroll of amnesia
 j - 3 scrolls of blinking {unknown}
 m - 2 scrolls of teleportation {@r4}
 o - a scroll of magic mapping {unknown}
 q - a scroll of enchant armour {unknown}
 r - a scroll of fog {unknown}
 v - a scroll of enchant weapon {unknown}
Potions
 e - a potion of resistance {unknown}
 k - a potion of haste {@q3}
 n - a potion of might {unknown}
 p - a potion of curing {unknown}
 u - a potion of flight {unknown}
Comestibles
 d - 5 rations {@e1}

Dungeon Overview and Level Annotations

Branches:
Dungeon (5/15)
 Temple: D:4-7

Altars:
Ashenzari
Cheibriados
Zin

Annotations:
D:3 exclusion: downstairs
D:4 Grinder
D:5 Edmund, Pikel

##### .pK.#
#.p.. #p#.# #
#.#.# #.##.#.#
#.#...@#.#.#
#......@...#
#.........>....
#........#...#.
.c........# ###
##.........
#..........
#........#.#
#........#..


You could see Edmund, Pikel, 3 slaves and a centaur.


Message History

The orc priest calls down the wrath of Beogh upon you.
Beogh smites you!
Ouch! That really hurt!
* * * LOW HITPOINT WARNING * * *
Things that are here:
a mace; a chain mail; an orc corpse The orc priest shouts!
The orc priest mumbles some strange prayers to Beogh against you.
You resist with almost no effort.
You see here 11 bolts.
m - 2 scrolls of teleportation {@r4} (gained 1)
There is a stone staircase leading down here.
Magic restored.
You climb downwards.
A centaur, 2 slaves and Edmund come into view.
Edmund is wielding a dire flail of protection.
Found a stone staircase leading down.
There is a stone staircase leading up here.
A slave and Pikel come into view.
Pikel is wielding a whip of electrocution.
The slave shouts!
Edmund shouts!
The slave shouts!
The centaur shouts!
You hear an angry hiss.
You hear a shout!
The slave shouts!
The centaur wields a shortbow.
The centaur shoots an arrow.
The arrow hits you!
* * * LOW HITPOINT WARNING * * *
Edmund asks, "Have you met my wondrous brother?"
There is a stone staircase leading up, spattered with blood here.
You see here an arrow.
The centaur shoots an arrow.
The arrow hits you!
You die...

Skill      XL: |  1  2  3  4  5  6 |
---------------+-------------------+-----
Hexes          | 4 5 6 7 |  7.1
Stealth        | 5 6 7 8 9 |  9.1
Short Blades   | |  1.1
Dodging        | |  3.0
Spellcasting   | |  2.6

Action                   |  1- 3 |  4- 6 || total
-------------------------+-------+-------++-------
Melee: Dagger            |    85 |   110 ||   195
       Kick              |     6 |    14 ||    20
 Cast: Ensorcelled Hiber |    35 |    58 ||    93
       Corona            |     1 |     1 ||     2
  Use: Scroll            |     3 |     1 ||     4
       Potion            |     3 |       ||     3
 Stab: Sleeping          |    26 |    27 ||    53
       Distracted        |     1 |     1 ||     2
  Eat: Ration            |       |     4 ||     4
Armor: Robe              |    13 |     7 ||    20
Dodge: Dodged            |    92 |   100 ||   192

Vault maps used:
D:1:      dpeg_arrival_pits, ashenzari_altar_1
D:3:      old_standard_altar, old_standard_altar
D:4:      gammafunk_temple_overflow_statue, fedhas_bush_and_centaur_altar,
          uniq_grinder
D:5:      minmay_temple_entry_glass, first_ration, serial_shops, shop,
          grunt_ministairs_14, uniq_duvessa, uniq_pikel, uniq_edmund,
          uniq_menkaure

Notes
Turn   | Place    | Note
-------+----------+-------------------------------------------
     0 | D:1      | MothsLongingForFire the Spriggan Enchanter began the quest for the Orb.
     0 | D:1      | Reached XP level 1. HP: 9/9 MP: 5/5
   316 | D:1      | Reached skill level 4 in Hexes
   316 | D:1      | Reached XP level 2. HP: 8/13 MP: 6/6
   326 | D:1      | Reached skill level 5 in Stealth
   330 | D:1      | Learned a level 2 spell: Ensorcelled Hibernation
   522 | D:1      | Found a shattered altar of Ashenzari.
   922 | D:1      | HP: 1/13 [ooze (2)]
   925 | D:1      | Gained mutation: You are clumsy. (Dex -2) [potion of mutation]
   925 | D:1      | Gained mutation: You have large cloven feet. [potion of mutation]
   927 | D:1      | Reached XP level 3. HP: 2/16 MP: 0/8
  1580 | D:2      | Reached skill level 6 in Stealth
  1972 | D:2      | Reached XP level 4. HP: 21/21 MP: 4/9
  2125 | D:3      | Reached skill level 5 in Hexes
  2539 | D:3      | Found a glowing silver altar of Zin.
  3158 | D:3      | Found a snail-covered altar of Cheibriados.
  4190 | D:4      | Noticed a bullfrog
  4195 | D:4      | Killed a bullfrog
  4195 | D:4      | Reached skill level 7 in Stealth
  4195 | D:4      | Reached XP level 5. HP: 24/24 MP: 3/10
  4198 | D:4      | Noticed an ogre
  4286 | D:4      | Reached skill level 6 in Hexes
  4398 | D:4      | Noticed Grinder
  4434 | D:4      | HP: 1/24 [orc priest/divine providence (11)]
  4745 | D:4      | Noticed a centaur
  4764 | D:3      | Killed an ogre
  4764 | D:3      | Reached skill level 8 in Stealth
  4764 | D:3      | Reached XP level 6. HP: 28/28 MP: 4/11
  5467 | D:4      | Reached skill level 9 in Stealth
  5467 | D:4      | Reached skill level 7 in Hexes
  5529 | D:5      | Entered Level 5 of the Dungeon
  5529 | D:5      | Noticed a slave
  5529 | D:5      | Noticed a slave
  5529 | D:5      | Noticed Edmund
  5530 | D:5      | Noticed Pikel
  5530 | D:5      | Noticed a slave
  5532 | D:5      | Shot with an arrow by a centaur

Vanquished Creatures
  An ogre (D:3)
  A centaur (D:3)
  A bullfrog (D:4)
  2 orc priests (D:4)
  An orc wizard (D:4)
  A worker ant (D:4)
  3 adders
  An ooze (D:1)
  5 worms
  3 dart slugs
  5 leopard geckos
  5 orcs
  A giant cockroach (D:3)
  5 goblins
  6 hobgoblins
  5 jackals (D:3)
  A quokka (D:3)
  2 ball pythons
  11 bats
  A frilled lizard (D:2)
  4 kobolds
  12 rats
77 creatures vanquished.

Table legend:
 A = Turns spent in this place as a percentage of turns spent in the entire game.
 B = Non-inter-level travel turns spent in this place as a percentage of non-inter-level travel turns spent in the entire game.
 C = Inter-level travel turns spent in this place as a percentage of turns spent in this place.
 D = Turns resting spent in this place as a percentage of non-inter-level travel turns spent in this place.
 E = Turns spent auto-exploring this place as a percentage of non-inter-level travel turns spent in this place.
 F = Non-inter-level travel turns spent in this place divided by the number of levels of this place that you've seen.
                   A       B       C       D       E      F
               +-------+-------+-------+-------+-------+----------------------
         Total | 100.0 | 100.0 |   8.0 |  48.6 |  23.4 | 1018.4
       Dungeon | 100.0 | 100.0 |   8.0 |  48.6 |  23.4 | 1018.4
               +-------+-------+-------+-------+-------+----------------------

Table legend:
 A = Spawn XP
 B = Non-spawn XP
 C = Spawn XP percentage of total XP
 D = Spawn monster count
 E = Non-spawn monster count
 F = Spawn count percentage of total count
 G = Total turns spent on level
                    A         B        C        D         E        F      G
               +---------+---------+-------+---------+---------+-------+---------
         Total |       0 |     671 |   0.0 |       0 |      77 |   0.0 |  5532
               +---------+---------+-------+---------+---------+-------+---------
           D:1 |       0 |      34 |   0.0 |       0 |      19 |   0.0 |  1356
           D:2 |       0 |      72 |   0.0 |       0 |      22 |   0.0 |   983
           D:3 |       0 |     309 |   0.0 |       0 |      30 |   0.0 |  2792
           D:4 |       0 |     256 |   0.0 |       0 |       6 |   0.0 |   398
               +---------+---------+-------+---------+---------+-------+---------
